 Dungeon Crawl Stone Soup version 0.30-a0-476-g330ca2eb8e (webtiles) character file.

Game seed: 13420330792362402410

203 IdlyInterested the Slasher (level 5, -7/41 HPs)
             Began as a Demonspawn Fighter on Dec 21, 2022.
             Killed by divine providence
             ... invoked by a smoke demon
              (14 damage)
             ... on level 1 of the Abyss.
             The game lasted 00:08:09 (2772 turns).

IdlyInterested the Slasher (Demonspawn Fighter)     Turns: 2772, Time: 00:08:10

Health: -7/41      AC:  9    Str: 17    XL:     5   Next: 51%
Magic:  5/5        EV:  9    Int:  9    God:
Gold:   164        SH:  5    Dex: 14    Spells: 4/4 levels left

rFire   . . .      SeeInvis .    a - +0 long sword
rCold   . . .      Faith    .    c - +0 buckler
rNeg    . . .      Spirit   .    b - +0 scale mail
rPois   .          Reflect  .    (helmet restricted)
rElec   .          Harm     .    (no cloak)
rCorr   .          Rampage  .    g - +0 pair of gloves
Will    .....                    p - +0 pair of boots
Stlth   ..........               (no amulet)
HPRegen 0.26/turn                (no ring)
MPRegen 0.09/turn                (no ring)

@: no status effects
A: horns 1, powered by death 1
a: no special abilities


You were on level 1 of the Abyss.
You visited 1 branch of the dungeon, and saw 3 of its levels.
You visited the Abyss 1 time.

You collected 164 gold pieces.

Inventory:

Hand Weapons
 a - a +0 long sword (weapon)
 f - a +1 vampiric rapier
Missiles
 i - a stone (quivered)
 j - 3 silver boomerangs
 l - a throwing net
Armour
 b - a +0 scale mail (worn)
 c - a +0 buckler (worn)
 g - a +0 pair of gloves (worn)
 k - a +0 leather armour
 p - a +0 pair of boots (worn)
Wands
 q - a wand of iceblast (6)
Scrolls
 h - a scroll of blinking
 n - 2 scrolls of torment
 r - a scroll of teleportation
 s - 2 scrolls of enchant armour {unknown}
Potions
 d - 2 potions of might
 e - a potion of attraction
 m - 2 potions of curing
 o - 2 potions of brilliance


   Skills:
 - Level 3.0 Fighting
 + Level 4.0 Long Blades
 * Level 0.7 Throwing
 - Level 3.0 Armour
 - Level 1.0 Dodging
 - Level 1.0 Stealth
 * Level 3.6 Shields


You had 4 spell levels left.
You didn't know any spells.
Your spell library was empty.

Dungeon Overview and Level Annotations

Branches:
Dungeon (3/15)

Altars:

Shops:
D:2 :

Portals:
Abyss: D:3

Annotations:
D:3 1 transporter, Crazy Yiuf


Innate Abilities, Weirdness & Mutations

You have a pair of small horns on your head.
You regenerate a little health from kills.


Message History

The adder is lightly wounded.
The adder bites you but does no damage. You block the adder's attack.
You slash the adder!
The adder is almost dead.
You block the adder's attack. The adder bites you but does no damage.
You closely miss the adder.
The adder is almost dead.
The adder bites you but does no damage.
You hit the adder.
You kill the adder!
Your Long Blades skill increases to level 4!
You now have 164 gold pieces (gained 7).
Found a hammer.
Found a runed translucent door.
Crazy Yiuf shouts!
You open the door. You slash Crazy Yiuf!
Crazy Yiuf is heavily wounded.
Crazy Yiuf hits you with a +4 quarterstaff of chaos.
You closely miss Crazy Yiuf.
Crazy Yiuf is heavily wounded.
You block Crazy Yiuf's attack.
You hit Crazy Yiuf.
Crazy Yiuf is almost dead.
Crazy Yiuf hits you but does no damage.
You are cast into the Abyss!
This branch contains the abyssal rune of Zot.
HP restored.
A smoke demon is cast out of reality.
The smoke demon roars!
The smoke demon gestures at you. The ball of steam hits you!!
Ouch! That really hurt!
The smoke demon gestures at you. Something smites you!
* * * LOW HITPOINT WARNING * * *
The smoke demon gestures at you. The ball of steam misses you.
The smoke demon gestures at you. Something smites you!
You die...

........##.....♣
♣♣.. #.....# ..##..#
♣♣♣ #....#.§....∩.#
#'## ......##.#....#
..# #......3§3..##
...# .###...#§#§..
#.. #
#.#..###.3###♣.#
#..#.#.#....... .♣.
...#..@##.#.##......
#.#...#.###.. .....#
#.....#.#
#####.....# .##..
#.# ####.# #.## ..#
## #.# #.# .#.


You could see a smoke demon.

Vanquished Creatures
  Ijyb (D:3)
  An orc wizard (D:3)
  3 gnolls (D:2)
  5 adders
  A worm (D:2)
  6 dart slugs
  6 orcs (D:3)
  5 ball pythons
  7 bats
  3 endoplasms
  3 giant cockroaches
  3 goblins
  4 hobgoblins
  2 jackals (D:2)
  3 frilled lizards
  7 kobolds
  6 rats
66 creatures vanquished.

Notes
Turn   | Place    | Note
-------+----------+-------------------------------------------
     0 | D:1      | IdlyInterested the Demonspawn Fighter began the quest for
                  | the Orb.
     0 | D:1      | Reached XP level 1. HP: 18/18 MP: 1/1
   294 | D:1      | Reached skill level 2 in Long Blades
   379 | D:1      | Gained mutation: You have a pair of small horns on your
                  | head. [demonic ancestry]
   379 | D:1      | Reached XP level 2. HP: 20/24 MP: 2/2
   634 | D:1      | Found a faded altar of an unknown god.
  1014 | D:2      | Reached XP level 3. HP: 22/29 MP: 3/3
  1017 | D:2      | Reached skill level 1 in Dodging
  1346 | D:2      | Reached XP level 4. HP: 35/35 MP: 4/4
  1382 | D:2      | Reached skill level 3 in Long Blades
  1638 | D:2      | Reached skill level 1 in Stealth
  1726 | D:2      | Found Xaexkan's Vocational Training.
  2180 | D:3      | Noticed a kobold brigand
  2187 | D:3      | Found a transporter.
  2242 | D:3      | Noticed Ijyb
  2253 | D:3      | Killed Ijyb
  2254 | D:3      | Gained mutation: You regenerate a little health from kills.
                  | [demonic ancestry]
  2254 | D:3      | Reached XP level 5. HP: 39/41 MP: 5/5
  2288 | D:3      | Found a one-way gate to the infinite horrors of the Abyss.
  2677 | D:3      | Reached skill level 4 in Long Blades
  2712 | D:3      | Found a runed translucent door.
  2713 | D:3      | Noticed Crazy Yiuf
  2719 | Abyss:1  | Cast into level 1 of the Abyss (Crazy Yiuf)
  2761 | Abyss:1  | Noticed a smoke demon
  2772 | Abyss:1  | Killed from afar by a smoke demon

Illustrated notes

Levels and vault maps discovered:
D:1:      dpeg_arrival_central, layout_basic,
          ebering_ecumenical_altar_sacrificial
D:2:      layout_loops_ring, st_stairs_11, nicolae_shop_vocational
D:3:      layout_basic, gammafunk_ghost_abyssal_escape, uniq_ijyb,
          uniq_crazy_yiuf_cottage
Abyss:1:  base:
D:2

Skill      XL: |  1  2  3  4  5 |
---------------+----------------+-----
Armour         | 3 |  3.0
Long Blades    | 2 3 4 |  4.0
Shields        | 3 |  3.6
Dodging        | 1 |  1.0
Stealth        | 1 |  1.0
Fighting       | |  3.0
Throwing       | |  0.7

Action                   |  1- 3 |  4- 6 || total
-------------------------+-------+-------++-------
Melee: Long sword        |    89 |   121 ||   210
       Headbutt          |     9 |    15 ||    24
Throw: Stone             |     3 |     4 ||     7
  Use: Scroll            |     5 |     2 ||     7
       Potion            |       |     1 ||     1
Armor: Scale mail        |    44 |    66 ||   110
Dodge: Dodged            |    41 |    63 ||   104
Block: Buckler           |    20 |    31 ||    51

Table legend: (Time is in decaauts)
 A = Elapsed time spent in this place.
 B = Non-inter-level travel time spent in this place.
 C = Inter-level travel time spent in this place.
 D = Time resting spent in this place.
 E = Time spent auto-exploring this place.
 F = Levels seen in this place.
 G = Mean time per level.
                   A        B        C        D        E       F      G
               +--------+--------+--------+--------+--------+-----+--------+
         Total |   2836 |   2498 |    338 |    162 |   1640 |   4 |  709.0 |
       Dungeon |   2783 |   2445 |    338 |    162 |   1599 |   3 |  927.7 |
         Abyss |     52 |     52 |      0 |      0 |     41 |   1 |   52.0 |
               +--------+--------+--------+--------+--------+-----+--------+

Top non-repeatable levels by time:
     D:1: 1112 daAuts
     D:2: 1060 daAuts
     D:3: 611 daAuts
 Abyss:1: 52 daAuts
